Map: Oxide LE

Players

PureLegacy - Winner!

  • Race: Terran Terran

Future

  • Race: Terran Terran

Event: DreamHack SC2 Masters 2021 Summer

VOD

Have the link to the VOD?

Description

Time

  • Played on: May 26, 2021, 4:30 p.m.
  • Length: 14:45

All games in this series

Show
View Real Time Build Order
Export as new Build Order

PureLegacy Terran - Winner!

Build Orders: Gas First Reaper Expand 

Get SALT Encoding   

  12  0:01  SCV  
  13  0:13  SCV  
  14  0:17  Supply Depot  
  14  0:25  SCV  
  15  0:28  Refinery  
  15  0:38  SCV  
  16  0:44  Barracks  
  16  0:50  SCV  
  17  1:03  SCV  
  18  1:15  SCV  
  19  1:31  Reaper, Orbital Command  
  20  1:47  Command Center  
  20  1:57  Factory  
  20  2:03  SCV  
  20  2:05  Barracks Reactor  
  21  2:14  Supply Depot  
  21  2:17  SCV  
  22  2:23  Refinery  
  21  2:30  SCV  
  21  2:41  Hellion, Marine x2  
  21  2:42  SCV  
  26  2:51  Starport  
  22  3:12  SCV  
  23  3:14  Hellion x2  
  27  3:22  Orbital Command  
  27  3:26  SCV  
  28  3:32  Medivac  
  30  3:36  Barracks Tech Lab  
  30  3:39  SCV  
  31  3:50  Hellion x2  
  31  3:54  SCV  
  35  4:03  SCV  
  35  4:06  SCV  
  37  4:15  SCV  
  38  4:18  SCV  
  38  4:23  Viking x2  
  43  4:31  Siege Tank  
  46  4:39  SCV  
  40  4:57  Starport Reactor  
  40  4:58  SCV  
  30  5:14  Starport Reactor  
  30  5:15  SCV x2, Siege Tank  
  35  5:25  Command Center  
  35  5:27  SCV  
  37  5:28  SCV  
  37  5:31  Supply Depot  
  37  5:34  Refinery  
  37  5:39  SCV  
  37  5:40  SCV  
  39  5:47  Siege Tank  
  39  5:48  Refinery  
  42  5:51  SCV  
  42  5:54  SCV  
  44  5:58  Supply Depot  
  44  6:03  SCV, Viking  
  47  6:05  Viking  
  47  6:06  SCV  
  50  6:15  SCV  
  51  6:18  SCV, Engineering Bay  
  51  6:20  Siege Tank  
  55  6:27  SCV  
  55  6:29  Supply Depot  
  55  6:31  SCV  
  57  6:35  Viking x2  
  61  6:41  Orbital Command  
  61  6:42  SCV  
  61  6:43  SCV  
  62  6:52  Siege Tank  
  65  6:54  SCV  
  65  6:58  SCV  
  65  6:59  Sensor Tower  
  65  7:00  Supply Depot  
  67  7:06  SCV  
  67  7:07  SCV  
  69  7:10  SCV, Viking  
  69  7:13  Viking  
  74  7:18  SCV  
  74  7:19  SCV  
  76  7:26  Siege Tank  
  76  7:29  Factory  
  79  7:37  Orbital Command  
  79  7:40  Viking  
  79  7:42  SCV x2  
  79  7:43  Viking, Supply Depot  
  82  7:51  Command Center  
  82  7:58  SCV  
  83  8:00  Siege Tank  
  85  8:09  SCV  
  85  8:10  Viking  
  88  8:13  SCV, Viking  
  83  8:24  Factory Tech Lab  
  83  8:25  SCV x2  
  83  8:26  SCV  
  84  8:27  Refinery x2  
  84  8:32  Factory, Supply Depot, Siege Tank  
  87  8:37  SCV x2  
  87  8:39  SCV  
  89  8:41  Viking  
  91  8:49  SCV  
  91  8:50  SCV  
  91  8:53  SCV  
  93  8:59  Liberator  
  93  9:01  SCV, Siege Tank  
  93  9:02  SCV  
  95  9:03  SCV  
  95  9:04  Refinery  
  95  9:05  SCV  
  96  9:13  SCV  
  96  9:14  SCV  
  95  9:17  SCV x2  
  95  9:21  Siege Tank  
  97  9:25  Factory Reactor  
  97  9:26  SCV  
  97  9:27  Armory  
  97  9:29  SCV x2  
  97  9:30  Refinery  
  99  9:38  SCV, Viking  
  96  9:41  SCV, Siege Tank  
  96  9:42  SCV, Viking  
  96  9:44  Orbital Command  
  91  10:01  SCV  
  91  10:04  SCV  
  91  10:06  Siege Tank  
  96  10:08  SCV  
  96  10:09  Refinery  
  96  10:10  SCV  
  96  10:13  SCV  
  99  10:16  SCV, Siege Tank  
  99  10:17  Sensor Tower  
  103  10:21  Viking  
  103  10:23  SCV x2  
  103  10:25  SCV  
  103  10:27  Hellion x2  
  103  10:28  SCV  
  113  10:36  Terran Vehicle Weapons Level 1  
  113  10:37  SCV x2  
  115  10:43  Factory  
  115  10:45  Factory, Supply Depot  
  115  10:47  Smart Servos  
  115  10:48  SCV  
  115  10:49  SCV x2  
  118  10:57  Sensor Tower  
  118  11:01  SCV  
  119  11:04  Refinery, Hellion x2, Infernal Pre-Igniter  
  119  11:05  Refinery  
  119  11:08  SCV x2  
  125  11:12  Siege Tank  
  125  11:13  SCV, Siege Tank  
  125  11:15  Supply Depot  
  132  11:28  SCV x2  
  132  11:30  Factory Reactor  
  132  11:31  Factory Tech Lab  
  130  11:33  Viking  
  130  11:36  Viking  
  130  11:38  Hellion x2  
  130  11:39  SCV  
  140  11:40  Supply Depot  
  140  11:43  Planetary Fortress  
  140  11:44  Siege Tank  
  140  11:45  Missile Turret  
  142  11:51  Siege Tank x2  
  148  11:56  Supply Depot  
  148  12:02  Hellion x2  
  148  12:04  Missile Turret x2, Supply Depot  
  152  12:08  Supply Depot  
  152  12:09  Armory  
  152  12:24  Siege Tank x2  
  152  12:25  Hellion x4  
  162  12:31  Viking x2  
  166  12:38  Starport, Terran Vehicle And Ship Armor Level 1  
  166  12:39  Starport  
  166  12:41  Supply Depot  
  166  12:49  Command Center  
  166  13:03  Siege Tank x3  
  166  13:04  Viking x2  
  179  13:07  Supply Depot  
  179  13:14  Hellion x3  
  179  13:15  Hellion, Starport Reactor  
  179  13:16  Starport Reactor  
  185  13:35  Hellion  
  185  13:36  Hellion x4  
  185  13:41  Supply Depot  
  195  13:44  Viking x2  
  195  13:46  Armory x2  
  195  14:02  Viking  
  199  14:04  Viking  
  199  14:07  SCV  
  199  14:08  Command Center  
  199  14:09  Command Center  
Show
View Real Time Build Order
Export as new Build Order

Future Terran 

Build Orders:  

Get SALT Encoding   

  12  0:01  SCV  
  13  0:14  SCV  
  14  0:18  Supply Depot  
  14  0:26  SCV  
  15  0:40  SCV  
  15  0:41  Barracks  
  16  0:45  Refinery  
  16  0:52  SCV  
  16  0:53  Refinery  
  17  1:04  SCV  
  18  1:16  SCV  
  19  1:29  Reaper, Orbital Command  
  19  1:30  Supply Depot  
  20  1:45  Factory  
  20  1:55  SCV  
  22  2:01  Reaper  
  22  2:07  SCV  
  23  2:19  SCV  
  23  2:22  Command Center  
  24  2:31  SCV  
  24  2:36  Bunker  
  25  2:37  Hellion  
  25  2:38  Barracks Reactor  
  25  2:43  SCV  
  28  2:53  Starport  
  28  2:55  SCV  
  29  3:00  Factory Tech Lab  
  29  3:04  Supply Depot  
  28  3:08  SCV  
  29  3:15  Marine x2  
  31  3:26  SCV, Siege Tank  
  35  3:34  Orbital Command  
  35  3:38  SCV  
  35  3:39  Marine x2  
  35  3:40  Medivac  
  40  3:52  SCV  
  40  3:53  Supply Depot  
  40  3:55  Refinery  
  41  4:01  SCV  
  40  4:03  Marine x2  
  40  4:04  SCV  
  40  4:06  Cyclone  
  46  4:14  Starport Tech Lab, SCV  
  46  4:16  SCV  
  48  4:18  Supply Depot  
  48  4:21  Marine  
  49  4:29  Marine  
  49  4:30  SCV  
  49  4:31  SCV  
  52  4:41  Raven  
  52  4:43  SCV x2  
  50  4:54  Marine x2  
  50  4:55  SCV x2  
  50  4:57  Siege Tank  
  52  5:07  SCV x2  
  52  5:12  Marine  
  50  5:14  Marine  
  50  5:19  SCV x2  
  51  5:30  Siege Tank  
  51  5:31  SCV x2  
  56  5:41  Viking x2  
  60  5:43  SCV x2  
  60  5:44  Marine  
  60  5:46  Stimpack  
  60  5:49  Supply Depot  
  63  5:50  Supply Depot  
  63  5:55  SCV x2  
  65  6:02  Siege Tank  
  68  6:07  SCV x2  
  70  6:11  Viking  
  70  6:17  Viking  
  74  6:19  SCV x2  
  74  6:24  Command Center  
  76  6:28  Refinery  
  76  6:31  SCV  
  76  6:32  SCV  
  78  6:35  Siege Tank  
  78  6:39  Supply Depot  
  81  6:42  Supply Depot  
  81  6:43  SCV  
  81  6:44  SCV  
  81  6:46  Viking  
  85  6:56  SCV  
  85  7:01  SCV, Marine, Viking  
  90  7:05  Engineering Bay  
  90  7:08  SCV  
  91  7:09  Engineering Bay, Siege Tank  
  91  7:13  SCV  
  95  7:20  Barracks, Viking  
  97  7:23  SCV  
  97  7:24  Barracks  
  97  7:25  SCV  
  99  7:31  Viking  
  99  7:35  SCV  
  99  7:39  SCV  
  99  7:42  Orbital Command  
  99  7:47  SCV, Siege Tank  
  99  7:50  Combat Shield  
  102  7:51  SCV  
  102  7:57  Viking  
  103  7:59  SCV  
  103  8:03  SCV  
  103  8:04  Viking  
  103  8:05  Orbital Command  
  106  8:11  SCV  
  107  8:16  SCV  
  100  8:23  SCV  
  100  8:25  Siege Tank  
  100  8:26  Barracks Reactor, Barracks Tech Lab  
  100  8:28  SCV  
  100  8:33  Terran Infantry Armor Level 1, Barracks, Terran Infantry Weapons Level 1  
  101  8:34  Barracks  
  101  8:37  Marauder  
  103  8:43  SCV x2  
  103  8:44  SCV  
  106  8:49  Marauder  
  106  8:53  Supply Depot  
  106  8:55  SCV  
  108  8:58  SCV, Marauder  
  106  9:03  Siege Tank  
  106  9:04  SCV  
  106  9:07  SCV  
  106  9:08  Medivac x2  
  115  9:11  Marauder  
  115  9:15  Marine x2  
  115  9:20  Marauder  
  115  9:22  Command Center  
  115  9:23  Refinery  
  117  9:25  Refinery  
  117  9:28  Barracks Reactor, Barracks Tech Lab  
  115  9:32  Marauder, Marine  
  115  9:33  Marine  
  117  9:39  Armory  
  117  9:40  Supply Depot x2  
  117  9:41  Marauder  
  117  9:43  Sensor Tower  
  119  9:47  Concussive Shells  
  119  9:49  Supply Depot  
  116  9:54  Marauder  
  116  9:57  Marauder, Marine  
  116  9:58  Marine  
  114  10:02  Marauder  
  114  10:04  Medivac  
  114  10:05  Medivac  
  114  10:07  Marine x2  
  119  10:10  SCV  
  119  10:11  SCV x2  
  124  10:15  Marauder  
  124  10:20  Marauder, Marine x2  
  130  10:24  Marauder, Marine  
  130  10:25  Supply Depot x2  
  130  10:26  SCV x3  
  136  10:30  Marine  
  119  10:36  Marine  
  119  10:38  SCV x2  
  122  10:45  Barracks x2  
  122  10:46  Barracks  
  122  10:48  SCV  
  123  10:50  Marauder x2  
  123  10:52  Sensor Tower  
  123  10:53  Marine x2  
  123  10:54  Marine  
  130  10:57  Terran Infantry Weapons Level 2  
  130  11:00  Terran Infantry Armor Level 2  
  130  11:09  Medivac x2  
  134  11:13  Marauder x2  
  134  11:14  Marauder  
  134  11:16  Marine x2  
  142  11:25  SCV  
  140  11:27  SCV  
  140  11:32  Planetary Fortress  
  141  11:36  Marauder x3, Marine x2  
  141  11:37  Barracks Tech Lab  
  148  11:41  Barracks Tech Lab x2  
  148  11:42  Marine x2  
  151  11:54  Terran Ship Weapons Level 1  
  148  11:55  Armory  
  148  11:56  Starport  
  148  11:57  Starport  
  148  11:59  Refinery x2  
  148  12:02  SCV x3  
  151  12:13  Marauder x2  
  151  12:14  Marauder x2  
  151  12:15  Marauder  
  161  12:19  Viking x2  
  163  12:27  Missile Turret  
  163  12:29  Missile Turret x2  
  163  12:30  Missile Turret  
  163  12:35  Starport Reactor  
  163  12:36  Starport Reactor  
  163  12:44  SCV x2  
  163  12:45  SCV  
  163  12:47  SCV  
  163  12:50  Command Center  
  167  12:52  Sensor Tower  
  167  12:55  Viking x2  
  171  12:58  Supply Depot  
  171  13:00  Supply Depot  
  171  13:13  Command Center, Supply Depot  
  171  13:16  Viking x2  
  171  13:17  Viking  
  177  13:20  Viking  
  177  13:23  Refinery  
  177  13:24  Refinery  
  177  13:25  Viking x2  
  182  13:40  Starport  
  181  13:42  Starport, Fusion Core  
  181  13:48  Viking x2  
  182  13:57  Viking  
  182  13:58  Viking x3  
Tags
 
Add a new tag
Caveats
  • Supply blocks, unpowered buildings, or Contaminate may cause inaccurate times.
  • Supply counts are checked every 10 seconds.